 Dungeon Crawl Stone Soup version 0.26-a0-852-g6321bf7485 (webtiles) character file.

Game seed: 3411682787488736978

28590 dickylongcocking the Tainter (level 12, -7/103 HPs)
             Began as a Demigod Venom Mage on Nov 21, 2020.
             Killed from afar by a rime drake (20 damage)
             ... with a flash freeze
             ... on level 2 of the Lair of Beasts.
             The game lasted 00:19:53 (16424 turns).

dickylongcocking the Tainter (Demigod Venom Mage)  Turns: 16424, Time: 00:19:54

Health: -7/103     AC: 12    Str: 11    XL:     12   Next: 77%
Magic:  4/29       EV: 15    Int: 33    God:
Gold:   1415       SH: 10    Dex: 16    Spells: 12/28 levels left

rFire    . . .     SeeInvis .   r - +2 trident (vamp)
rCold    . . .     Faith    .   k - +0 buckler
rNeg     . . .     Spirit   .   i - +2 ring mail {rPois}
rPois    +         Reflect  +   C - +0 helmet
rElec    .         Harm     .   (no cloak)
rCorr    .         Rampage  .   g - +0 pair of gloves
MR       +....                  j - +0 pair of boots
Stlth    ++........             d - amulet of reflection
HPRegen  0.27/turn              v - +4 ring of evasion
MPRegen  0.21/turn              w - +6 ring of intelligence

@: about to teleport
A: high mp 1
a: no special abilities


You were on level 2 of the Lair of Beasts.
You visited 3 branches of the dungeon, and saw 13 of its levels.

You collected 1675 gold pieces.
You spent 260 gold pieces at shops.

Inventory:

Hand Weapons
 b - a +0 club
 c - a +0 broad axe
 f - a +1 whip
 r - a +2 vampiric trident (weapon)
 y - a +0 lajatang
 E - the +7 war axe of the Scorching Firefly {protect, *Slow +Rage +Fly Stlth+}
   (You found it on level 6 of the Dungeon)

   It grants its wielder temporary protection when it strikes (+7 to AC).
   It lets you fly.
   It lets you go berserk.
   It may slow you when you take damage.
   It makes you more stealthy.
Missiles
 p - 7 javelins (quivered)
Armour
 a - a +0 robe
 g - a +0 pair of gloves (worn)
 i - a +2 ring mail of poison resistance (worn)
 j - a +0 pair of boots (worn)
 k - a +0 buckler (worn)
 m - a +0 leather armour
 o - a +1 ring mail of fire resistance
 C - a +0 helmet (worn)
Magical Staves
 F - an uncursed staff of earth
Jewellery
 d - an amulet of reflection (around neck)
 v - a +4 ring of evasion (left hand)
 w - a +6 ring of intelligence (right hand)
Wands
 q - a wand of digging (13)
Scrolls
 h - 4 scrolls of enchant armour
 l - 6 scrolls of remove curse
 s - 2 scrolls of magic mapping
 u - 2 scrolls of immolation
 z - 4 scrolls of enchant weapon
 B - 2 scrolls of teleportation
Potions
 e - a potion of mutation
 n - a potion of degeneration {unknown}
 t - a potion of might
 x - a potion of curing
 A - 3 potions of flight
 D - 2 potions of cancellation
 G - a potion of ambrosia
 H - a potion of attraction {unknown}
 I - 2 potions of haste


   Skills:
 * Level 8.9 Fighting
 - Level 5.8 Polearms
 - Level 7.3 Armour
 - Level 1.7 Dodging
 + Level 3.7 Stealth
 - Level 4.0 Shields
 * Level 8.5 Spellcasting
 * Level 1.8 Conjurations
 - Level 6.5 Transmutations
 * Level 5.9 Fire Magic
 - Level 9.0 Poison Magic


You had 12 spell levels left.
You knew the following spells:

 Your Spells              Type           Power        Failure   Level
a - Sting                 Tmut/Pois      ####         1%          1
b - Fireball              Conj/Fire      #####.....   36%         5
d - Olgreb's Toxic Radia  Pois           ######..     1%          4
i - Ignite Poison         Fire/Tmut/Pois ######..     1%          3
x - Mephitic Cloud        Conj/Pois/Air  #####...     4%          3

Your spell library contained the following spells:

 Spells                   Type           Power        Failure   Level
 Poisonous Vapours        Pois/Air       #####.       1%          2
 Freeze                   Ice            ##..         7%          1
 Frozen Ramparts          Ice            ##....       22%         3
 Ozocubu's Armour         Ice            ##......     22%         3
 Hailstorm                Conj/Ice       ###.....     43%         4
 Summon Ice Beast         Ice/Summ       ##......     56%         4
 Starburst                Conj/Fire      #####.....   91%         6
 Ignition                 Fire           ######....   100%        8


Dungeon Overview and Level Annotations

Branches:
Dungeon (11/15)              Lair (2/6) D:10            Orc (2/2) D:11
    Elf (0/3) Orc:2
 Temple: D:4-7        Swamp: Lair:2-4    Shoals: Lair:2-4     Snake: Lair:2-4
 Spider: Lair:2-4

Shops:
D:4 (   Orc:2 *!([

Annotations:
Lair:2 2 transporters, R007833r's ghost, journeyman HOBe
Orc:2 2 runed translucent doors, Kamikaze's ghost, journeyman MiFi


Innate Abilities, Weirdness & Mutations

You have an increased reservoir of magic. (+10% MP)


Message History

Unknown command.
Unknown command.
Unknown command.
Okay, then.
The ice encasing you melts away.
The rime drake is no longer encased in ice.
The rime drake misses you.
Unknown command.
Unknown command.
The steam dragon breathes steam at you. The ball of steam hits you!
* * * LOW HITPOINT WARNING * * *
Unknown command.
Unknown command.
Unknown command.
The steam dragon looks more healthy.
The rime drake is engulfed in a cloud of scalding steam.
The rime drake breathes ice at you. The flash freeze hits you!!
You die...

#..........##......######
##.........##....D##
#.........##.....#
#................#
#.........##..D..#
#.........#P..k§k##
####......##...D§§#
##.....##§...§##
#.....##...@.#
#....###.....# .....
#.....# #.....# #.....#
#.....# ###.... #...#


You could see 2 rime drakes and 2 steam dragons.

Vanquished Creatures
  Gastronok (Lair:1)
  Snorg (D:10)
  Harold (D:10)
  3 hydras
  A centaur warrior (D:11)
  A two-headed ogre (D:9)
  4 orc high priests (Orc:2)
  2 orc sorcerers
  4 elephants (Lair:2)
  A black mamba (Lair:2)
  Psyche (D:10)
  7 rime drakes (Lair:2)
  3 cane toads (Lair:1)
  2 komodo dragons
  A kobold demonologist (Orc:1)
  2 trolls (Orc:2)
  Grinder (D:3)
  A hornet (D:10)
  A wraith (D:10)
  A yak (D:10)
  2 wyverns
  A basilisk (D:10)
  6 steam dragons (Lair:2)
  3 wargs
  4 water moccasins
  Purgy (D:3)
  25 orc warriors
  3 sky beasts
  3 ice beasts (D:10)
  2 phantoms
  A black bear (D:10)
  12 ogres
  4 centaurs (D:11)
  20 big kobolds (Orc:1)
  A wyvern zombie (D:10)
  7 bullfrogs
  2 wyvern skeletons
  3 scorpions (D:9)
  6 killer bees (D:11)
  2 howler monkeys
  7 wights
  4 electric eels (D:11)
  5 centaur skeletons
  4 jellies
  A hound (D:3)
  30 orc priests
  29 orc wizards
  2 bullfrog skeletons (D:11)
  Natasha (twice) (D:2)
  An iguana (D:9)
  3 worker ants
  Robin (D:4)
  7 gnolls
  11 adders
  A howler monkey skeleton (D:10)
  4 ufetubi
  An ooze (D:2)
  An adder zombie (D:4)
  2 worms
  2 dart slugs
  3 leopard geckos
  63 orcs
  A ball python (D:1)
  5 giant cockroaches
  28 goblins
  8 hobgoblins
  9 jackals
  8 kobolds
  6 quokkas
  6 bats
  4 frilled lizards
  5 rats
411 creatures vanquished.

Vanquished Creatures (others)
  A wight (D:10)
  5 fungi
  2 plants
8 creatures vanquished.

Grand Total: 419 creatures vanquished

Notes
Turn   | Place    | Note
-------+----------+-------------------------------------------
     0 | D:1      | dickylongcocking the Demigod Venom Mage began the quest for
                  | the Orb.
     0 | D:1      | Reached XP level 1. HP: 14/14 MP: 5/5
   329 | D:1      | Reached skill level 3 in Poison Magic
   699 | D:1      | Reached XP level 2. HP: 20/20 MP: 5/7
  1379 | D:2      | Reached XP level 3. HP: 25/26 MP: 1/8
  1464 | D:2      | Reached skill level 4 in Poison Magic
  1950 | D:2      | Noticed Natasha
  1965 | D:2      | Killed Natasha
  1966 | D:2      | Reached XP level 4. HP: 22/33 MP: 0/9
  2164 | D:2      | Reached skill level 5 in Poison Magic
  2204 | D:2      | Noticed Natasha
  2214 | D:2      | Killed Natasha
  2257 | D:2      | Learned a level 4 spell: Olgreb's Toxic Radiance
  2324 | D:2      | Reached skill level 1 in Transmutations
  2324 | D:2      | Reached XP level 5. HP: 38/38 MP: 10/10
  2636 | D:3      | Noticed Grinder
  2666 | D:3      | Killed Grinder
  2667 | D:3      | Reached skill level 1 in Fighting
  2667 | D:3      | Reached skill level 1 in Shields
  2667 | D:3      | Reached XP level 6. HP: 28/47 MP: 1/12
  2671 | D:3      | Learned a level 3 spell: Ignite Poison
  3006 | D:3      | Found a burning altar of Makhleb.
  3086 | D:3      | Noticed Purgy
  3113 | D:3      | Killed Purgy
  3609 | D:4      | Reached XP level 7. HP: 48/55 MP: 3/14
  3923 | D:4      | Found Zom Xiud's Weapon Boutique.
  3927 | D:4      | Reached skill level 6 in Poison Magic
  4119 | D:4      | Identified the cursed +0 helmet of Integrity {Dex+4}
  4119 | D:4      | Noticed Robin
  4130 | D:4      | Killed Robin
  4420 | D:5      | Entered Level 5 of the Dungeon
  4744 | D:5      | Found an ornate altar of the Wu Jian Council.
  4792 | D:5      | Found a shadowy altar of Dithmenos.
  4865 | D:5      | Found a sparkling altar of Nemelex Xobeh.
  5558 | D:6      | Reached XP level 8. HP: 63/63 MP: 16/16
  5570 | D:6      | Got a crystal war axe
  5570 | D:6      | Identified the +7 war axe of the Scorching Firefly
                  | {protect, *Slow +Rage +Fly Stlth+} (You found it on level 6
                  | of the Dungeon)
  5613 | D:6      | Reached skill level 1 in Armour
  5785 | D:6      | You fall into a shaft and drop 3 floors!
  6131 | D:9      | Noticed a two-headed ogre
  6138 | D:9      | Killed a two-headed ogre
  6139 | D:9      | Reached skill level 7 in Poison Magic
  6139 | D:9      | Reached XP level 9. HP: 71/71 MP: 1/18
  6717 | D:9      | Found a shimmering blue altar of Sif Muna.
  6961 | D:10     | Entered Level 10 of the Dungeon
  7438 | D:10     | Reached skill level 5 in Transmutations
  7559 | D:10     | Reached skill level 5 in Spellcasting
  7688 | D:10     | Reached skill level 5 in Fighting
  7700 | D:10     | Reached skill level 1 in Polearms
  7976 | D:10     | Noticed Psyche
  7994 | D:10     | Killed Psyche
  8128 | D:10     | Found a staircase to the Lair.
  8136 | D:10     | Reached XP level 10. HP: 81/81 MP: 9/21
  8384 | D:10     | Noticed Snorg
  8392 | D:10     | Killed Snorg
  8393 | D:10     | Reached skill level 8 in Poison Magic
  8442 | D:10     | Reached skill level 5 in Armour
  8473 | D:10     | Noticed Harold
  8481 | D:10     | Killed Harold
  8508 | D:10     | Learned a level 3 spell: Mephitic Cloud
  8959 | D:11     | Noticed a centaur warrior
  9198 | D:11     | Killed a centaur warrior
  9654 | D:11     | Noticed an eight-headed hydra
  9880 | D:11     | Reached XP level 11. HP: 89/89 MP: 15/24
 10026 | D:11     | Killed a nine-headed hydra
 10126 | D:11     | Reached skill level 1 in Fire Magic
 10781 | D:11     | Found a staircase to the Orcish Mines.
 10823 | Orc:1    | Entered Level 1 of the Orcish Mines
 11259 | Orc:1    | Reached skill level 9 in Poison Magic
 11765 | Orc:2    | Entered Level 2 of the Orcish Mines
 12026 | Orc:2    | Noticed an orc high priest
 12031 | Orc:2    | Reached skill level 5 in Polearms
 12032 | Orc:2    | Killed an orc high priest
 12230 | Orc:2    | Noticed an orc high priest
 12236 | Orc:2    | Killed an orc high priest
 12243 | Orc:2    | Noticed an orc high priest
 12502 | Orc:2    | Killed an orc high priest
 12689 | Orc:2    | Noticed an orc high priest
 12698 | Orc:2    | Killed an orc high priest
 12699 | Orc:2    | Reached XP level 12. HP: 87/100 MP: 5/27
 13202 | Orc:2    | Found Cafuvviu's Distillery.
 13202 | Orc:2    | Found Kuniup's General Store.
 13203 | Orc:2    | Found Qaoczom's Antique Weapon Shoppe.
 13206 | Orc:2    | Found Qoiduufi's Armour Shoppe.
 13209 | Orc:2    | Bought a potion of haste for 100 gold pieces
 13271 | Orc:2    | Bought 2 potions of cancellation for 160 gold pieces
 13430 | Orc:2    | Found a large runed translucent door.
 13431 | Orc:2    | Found a large runed translucent door.
 13434 | Orc:2    | Noticed Kamikaze's ghost (journeyman MiFi)
 13852 | Orc:2    | Found a staircase to the Elven Halls.
 14075 | Lair:1   | Entered Level 1 of the Lair of Beasts
 14075 | Lair:1   | Noticed a five-headed hydra
 14084 | Lair:1   | Killed a five-headed hydra
 14830 | Lair:1   | Noticed Gastronok
 14842 | Lair:1   | Killed Gastronok
 14979 | Lair:1   | Reached skill level 5 in Fire Magic
 15808 | Lair:2   | Found a transporter.
 15811 | Lair:2   | Noticed R007833r's ghost (journeyman HOBe)
 16112 | Lair:2   | Found a transporter.
 16195 | Lair:2   | Noticed a six-headed hydra
 16206 | Lair:2   | Killed a six-headed hydra
 16260 | Lair:2   | Learned a level 5 spell: Fireball
 16386 | Lair:2   | Reached skill level 1 in Conjurations
 16424 | Lair:2   | Killed from afar by a rime drake

Illustrated notes

Levels and vault maps discovered:
D:1:      dpeg_arrival_castle, layout_loops_ring, supply_closet_lemuel,
          lemuel_old_faithful
D:2:      layout_basic, uniq_natasha
D:3:      layout_loops_cross, marbit_many_paths, minmay_box_of_dots, uniq_purgy,
          uniq_grinder
D:4:      kennysheep_goblin_castle, layout_basic, serial_shops, shop,
          hangedman_abyss_or_decor_lesser_grid
D:5:      layout_loops_ring, chequers_temple_overflow_statue_of_worship,
          nemelex_lonely_heart_becter
D:6:      layout_loops_cross, serial_glass, glass_columns_b, glass_columns_b,
          glass_columns_b, glass_columns_b
D:9:      layout_rooms, led_sif_book
D:10:     layout_loops_ring, david_lair_generic, uniq_harold, uniq_snorg,
          uniq_psyche
D:11:     layout_rooms, erik_orc_2
Lair:1:   layout_small_grid, minivault_27, chequers_serial_rivers_micro_c,
          st_stairs_5, uniq_gastronok
Lair:2:   layout_cellular_growth, minmay_shoals_entry_centaurs,
          gammafunk_ghost_arena, bobbens_dragon_lair_wall
Orc:1:    layout_caves, special_room [special_room_kobold]
Orc:2:    st_orc_mages, layout_caves, ebering_ghost_disaster_area

Skill      XL: |  1  2  3  4  5  6  7  8  9 10 11 12 |
---------------+-------------------------------------+-----
Poison Magic   | 3 4 5 6 7 8 9 |  9.0
Transmutations | 1 2 3 4 5 6 |  6.5
Fighting       | 1 2 3 4 5 6 7 8 |  8.9
Shields        | 1 2 3 4 |  4.0
Spellcasting   | 2 3 4 5 6 7 8 |  8.5
Armour         | 3 4 5 7 |  7.3
Polearms       | 1 3 5 |  5.8
Fire Magic     | 3 5 |  5.9
Stealth        | 3 |  3.7
Conjurations   | 1 |  1.8
Dodging        | |  1.7

Action                   |  1- 3 |  4- 6 |  7- 9 | 10-12 || total
-------------------------+-------+-------+-------+-------++-------
Melee: Club              |     1 |       |       |       ||     1
       Unarmed           |     1 |       |       |       ||     1
       Whip              |    22 |    11 |       |       ||    33
       Trident           |       |    79 |   130 |   111 ||   320
       War axe           |       |       |    31 |   106 ||   137
 Cast: Sting             |    73 |    33 |    21 |    25 ||   152
       Olgreb's Toxic Ra |       |     4 |    34 |   108 ||   146
       Ignite Poison     |       |       |    34 |    99 ||   133
       Mephitic Cloud    |       |       |       |     4 ||     4
Evoke: Wand              |       |       |     4 |     6 ||    10
  Use: Potion            |     1 |     3 |       |     3 ||     7
       Scroll            |       |     3 |     7 |     5 ||    15
 Stab: Sleeping          |       |     2 |     1 |       ||     3
       Distracted        |       |       |     1 |       ||     1
Armor: Robe              |    11 |       |       |       ||    11
       Leather armour    |     2 |       |       |       ||     2
       Ring mail         |       |    47 |    77 |    95 ||   219
       Skin              |       |     6 |       |       ||     6
Dodge: Dodged            |    33 |    58 |    88 |   183 ||   362
Block: Other             |     4 |       |       |       ||     4
       Buckler           |    13 |    58 |   127 |   185 ||   383
       Reflection        |       |     1 |     5 |     9 ||    15

Table legend: (Time is in decaauts)
 A = Elapsed time spent in this place.
 B = Non-inter-level travel time spent in this place.
 C = Inter-level travel time spent in this place.
 D = Time resting spent in this place.
 E = Time spent auto-exploring this place.
 F = Levels seen in this place.
 G = Mean time per level.
                   A        B        C        D        E       F      G
               +--------+--------+--------+--------+--------+-----+--------+
         Total |  16573 |  16247 |    326 |   2685 |  10946 |  13 | 1274.8 |
       Dungeon |  11043 |  10836 |    207 |   1774 |   7263 |   9 | 1227.0 |
          Lair |   2349 |   2327 |     22 |    103 |   1933 |   2 | 1174.5 |
  Orcish Mines |   3180 |   3084 |     96 |    808 |   1750 |   2 | 1590.0 |
               +--------+--------+--------+--------+--------+-----+--------+

Top non-repeatable levels by time:
    D:10: 2513 daAuts
   Orc:2: 1876 daAuts
  Lair:1: 1599 daAuts
    D:11: 1480 daAuts
     D:1: 1321 daAuts
   Orc:1: 1303 daAuts
     D:2: 1231 daAuts
     D:9: 1187 daAuts
     D:4: 996 daAuts
     D:3: 920 daAuts
     D:5: 900 daAuts
  Lair:2: 750 daAuts
     D:6: 492 daAuts
